 Dungeon Crawl Stone Soup version 0.31-a0-355-g57cb03d3e8 (webtiles) character file.

Game seed: 14731854815490039652

65 cforsyth the Charlatan (level 4, -1/34 HPs)
             Began as a Gnoll Artificer on July 24, 2023.
             Succumbed to a hobgoblin's poison
             ... on level 2 of the Dungeon.
             The game lasted 00:02:53 (1370 turns).

cforsyth the Charlatan (Gnoll Artificer)            Turns: 1370, Time: 00:02:53

Health: -1/34      AC: 13    Str: 16 (17) XL:     4   Next: 13%
Magic:  5/5        EV:  5    Int: 11 (13) God:
Gold:   37         SH:  0    Dex: 11 (12) Spells: 5/5 levels left

rFire   + . .        g - +0 dagger (venom)
rCold   + . .        (no shield)
rNeg    . . .        l - +0 plate armour
rPois   +            (no helmet)
rElec   +            (no cloak)
rCorr   +            q - +0 pair of gloves
SInv    .            (no boots)
Will    .....        (no amulet) Stlth
                     o - +6 ring of strength
HPRegen 0.25/turn    (no ring)
MPRegen 0.09/turn

%: no passive effects
@: lethally poisoned (-1 -> -11), resistant, hasted, very quick
A: fangs 1, strong nose, distributed training
a: no special abilities


You were on level 2 of the Dungeon.
You visited 1 branch of the dungeon, and saw 2 of its levels.

You collected 37 gold pieces.

Inventory:

Hand Weapons
 a - a +0 club
 g - a +0 dagger of venom (weapon)
Armour
 b - a +0 leather armour
 l - a +0 plate armour (worn)
 q - a +0 pair of gloves (worn)
Jewellery
 o - a +6 ring of strength (left hand)
Wands
 c - a wand of flame (15) (quivered)
 d - a wand of charming (15)
 e - a wand of iceblast (5)
Scrolls
 k - a scroll of poison {unknown}
 m - 3 scrolls of teleportation {unknown}
 n - a scroll of enchant armour {unknown}
Potions
 f - a potion of berserk rage {unknown}


   Skills:
 + Level 2.7 Fighting
 + Level 1.0 Short Blades
 + Level 1.0 Long Blades
 + Level 1.0 Axes
 + Level 1.0 Maces & Flails
 + Level 1.0 Polearms
 + Level 1.0 Staves
 + Level 1.0 Ranged Weapons
 + Level 1.0 Throwing
 + Level 4.6 Armour
 + Level 2.7 Dodging
 + Level 2.5 Stealth
 + Level 1.0 Shields
 + Level 1.0 Unarmed Combat
 + Level 1.0 Spellcasting
 + Level 0.8 Conjurations
 + Level 0.8 Hexes
 + Level 0.8 Summonings
 + Level 0.8 Necromancy
 + Level 0.8 Translocations
 + Level 0.8 Transmutations
 + Level 0.8 Fire Magic
 + Level 0.8 Ice Magic
 + Level 0.8 Air Magic
 + Level 0.8 Earth Magic
 + Level 0.8 Poison Magic
 + Level 1.1 Invocations
 + Level 6.6 Evocations
 + Level 0.8 Shapeshifting


You had 5 spell levels left.
You didn't know any spells.
Your spell library contained the following spells:

 Spells                   Type           Power      Damage    Failure   Level
 Tukima's Dance           Hex            2%         N/A       100%        3
 Vhi's Electric Charge    Tloc/Air       4%         N/A       100%        3
 Passage of Golubria      Tloc           2%         N/A       100%        4
 Arcjolt                  Conj/Air       1%         1d11      100%        5
 Yara's Violent Unravell  Hex/Tmut       1%         3d3       100%        5
 Plasma Beam              Fire/Air       1%         2x1d11    100%        6


Dungeon Overview and Level Annotations

Branches:
Dungeon (2/15)

Altars:

Shops:
D:2 [


Innate Abilities, Weirdness & Mutations

You have very sharp teeth.
Your uncanny sense of smell can sniff out nearby items.
Your experience applies equally to all skills.


Message History

You barely miss the hobgoblin.
You bite the hobgoblin, but do no damage.
The hobgoblin is lightly wounded.
You feel very sick.
The hobgoblin hits you with a +2 dagger of venom.
You are more poisoned.
You barely miss the hobgoblin.
The hobgoblin is lightly wounded.
You feel very sick.
The hobgoblin hits you but does no damage.
You are lethally poisoned!
You hit the hobgoblin but do no damage.
The hobgoblin is lightly wounded.
You feel very sick.
The hobgoblin hits you with a +2 dagger of venom!
* * * LOW HITPOINT WARNING * * *
You are too injured to fight recklessly!
You are too injured to fight recklessly!
You are too injured to fight recklessly!
You are too injured to fight recklessly!
You are too injured to fight recklessly!
You are too injured to fight recklessly!
It was a potion of cancellation.
You feel magically purged.
* * * LOW HITPOINT WARNING * * *
You feel very sick.
A bat comes into view.
The hobgoblin completely misses you.
It was a potion of haste.
You feel yourself speed up.
* * * LOW HITPOINT WARNING * * *
You feel very sick. The hobgoblin closely misses you.
It was a potion of resistance.
You feel protected.
* * * LOW HITPOINT WARNING * * *
You feel sick.
The hobgoblin hits you but does no damage.
It was a potion of degeneration.
There was something very wrong with that liquid.
You feel weakened.
You feel dopey.
You feel clumsy.
You die...

#.#.# #.†..#....
..#.#### ...#
#....#.... .......#
..# #....#...†
###.##.# ∆ ...
#......... ###.##.#
... #.........
...)...# #b#
#####..... .......#
# #J# #..###
.......# #.#g#
##..##
###'##.#######.#@##
##.##
#.##............#
#..>
###.##..######.#..#
####
........######.#..#
∆
###.#.............#
.#
#.#..........#.##
#.#
#.#............#
#.#.#
###.#.#.#######..#
#.#.# ....#.#.#####
#..# #.#.#


You could see an endoplasm, a hobgoblin (poisoned) and a bat.

Vanquished Creatures
  2 adders (D:2)
  2 dart slugs (D:2)
  5 bats
  4 endoplasms
  3 giant cockroaches (D:1)
  4 goblins
  3 hobgoblins (D:2)
  3 quokkas
  4 ball pythons
  3 frilled lizards (D:1)
  7 kobolds
  2 rats
42 creatures vanquished.

Notes
Turn   | Place    | Note
-------+----------+-------------------------------------------
     0 | D:1      | cforsyth the Gnoll Artificer began the quest for the Orb.
     0 | D:1      | Reached XP level 1. HP: 17/17 MP: 1/1
   108 | D:1      | Reached XP level 2. HP: 4/23 MP: 2/2
   711 | D:2      | Reached XP level 3. HP: 28/28 MP: 3/3
   905 | D:2      | Reached skill level 1 in Invocations
  1125 | D:2      | Reached skill level 1 in Short Blades
  1125 | D:2      | Reached skill level 1 in Long Blades
  1125 | D:2      | Reached skill level 1 in Axes
  1125 | D:2      | Reached skill level 1 in Maces & Flails
  1125 | D:2      | Reached skill level 1 in Polearms
  1125 | D:2      | Reached skill level 1 in Staves
  1125 | D:2      | Reached skill level 1 in Ranged Weapons
  1125 | D:2      | Reached skill level 1 in Throwing
  1125 | D:2      | Reached skill level 1 in Shields
  1125 | D:2      | Reached skill level 1 in Unarmed Combat
  1125 | D:2      | Reached skill level 1 in Spellcasting
  1232 | D:2      | Found Gevuvvae's Armour Shoppe.
  1248 | D:2      | Reached XP level 4. HP: 34/34 MP: 5/5
  1369 | D:2      | HP: 1/34 [poisoned by a hobgoblin]
  1370 | D:2      | Succumbed to a hobgoblin's poison

Illustrated notes

Levels and vault maps discovered:
D:1:      roderic_chinese_lattice_arrival, layout_rooms,
          minmay_misc_feat_hallway, minivault_19, hangedman_decor_slide_cut,
          hangedman_decor_riveting
D:2:      layout_basic, serial_shops, nicolae_shop_just_a_little_nook

Skill      XL: |  1  2  3 |
---------------+----------+-----
Invocations    | 1 |  1.1
Short Blades   | 1 |  1.0
Long Blades    | 1 |  1.0
Axes           | 1 |  1.0
Maces & Flails | 1 |  1.0
Polearms       | 1 |  1.0
Staves         | 1 |  1.0
Ranged Weapons | 1 |  1.0
Throwing       | 1 |  1.0
Shields        | 1 |  1.0
Unarmed Combat | 1 |  1.0
Spellcasting   | 1 |  1.0
Fighting       | |  2.7
Armour         | |  4.6
Dodging        | |  2.7
Stealth        | |  2.5
Conjurations   | |  0.8
Hexes          | |  0.8
Summonings     | |  0.8
Necromancy     | |  0.8
Translocations | |  0.8
Transmutations | |  0.8
Fire Magic     | |  0.8
Ice Magic      | |  0.8
Air Magic      | |  0.8
Earth Magic    | |  0.8
Poison Magic   | |  0.8
Evocations     | |  6.6
Shapeshifting  | |  0.8

Action                     |  1- 3 |  4- 6 || total
---------------------------+-------+-------++-------
  Melee: Dagger            |   101 |    12 ||   113
         Club              |     9 |       ||     9
         Bite              |    10 |     3 ||    13
         Punch             |     1 |       ||     1
    Use: Potion            |       |     4 ||     4
   Stab: Sleeping          |     3 |       ||     3
 Armour: Leather armour    |    16 |       ||    16
         Plate armour      |    41 |     9 ||    50
  Dodge: Dodged            |    42 |     2 ||    44

Table legend: (Time is in decaauts)
 A = Elapsed time spent in this place.
 B = Non-inter-level travel time spent in this place.
 C = Inter-level travel time spent in this place.
 D = Time resting spent in this place.
 E = Time spent auto-exploring this place.
 F = Levels seen in this place.
 G = Mean time per level.
                   A        B        C        D        E       F      G
               +--------+--------+--------+--------+--------+-----+--------+
         Total |   1367 |   1361 |      6 |      0 |   1003 |   2 |  683.5 |
       Dungeon |   1367 |   1361 |      6 |      0 |   1003 |   2 |  683.5 |
               +--------+--------+--------+--------+--------+-----+--------+

Top non-repeatable levels by time:
     D:1: 700 daAuts
     D:2: 666 daAuts
